 Dungeon Crawl Stone Soup version 0.20-a0-1116-gaa52201 (webtiles) character file.

1136 EvilAshe the Caller (level 8, -2/36 HPs)
             Began as a Deep Elf Summoner on May 8, 2017.
             Was an Initiate of Hepliaklqana.
             Slain by an unseen horror (5 damage)
             ... on level 7 of the Dungeon.
             The game lasted 00:25:01 (8588 turns).

EvilAshe the Caller (Deep Elf Summoner)             Turns: 8588, Time: 00:25:02

Health: -2/36      AC:  3    Str:  5    XL:     8   Next: 14%
Magic:  20/20      EV: 15    Int: 23    God:    Hepliaklqana [......]
Gold:   322        SH:  6    Dex: 15    Spells: 10/20 levels left

rFire    . . .     SeeInvis .   D - +5 long sword (curse)
rCold    . . .     Gourm    .   B - +2 buckler
rNeg     . . .     Faith    .   a - +0 robe
rPois    .         Spirit   .   (no helmet)
rElec    .         Reflect  .   (no cloak)
rCorr    +         Harm     .   (no gloves)
MR       .....                  p - +0 pair of boots {Fly}
Stlth    +++.......             (no amulet)
Regen    0.2/turn               y - ring of resist corrosion
MPRegen  0.2/turn               v - ring of stealth

@: flying
A: reduced essence
a: Recall Ancestor, Ancestor Identity, Renounce Religion, Stop Flying


You were on level 7 of the Dungeon.
You worshipped Hepliaklqana.
Hepliaklqana was noncommittal.
You were not hungry.

You visited 2 branches of the dungeon, and saw 8 of its levels.

You collected 322 gold pieces.

Inventory:

Hand Weapons
 o - a cursed -3 spear
 D - a cursed +5 long sword (weapon)
Armour
 a - a +0 robe (worn)
 p - a +0 pair of boots of flying (worn)
 B - a +2 buckler (worn)
Jewellery
 s - an uncursed ring of flight
 v - a ring of stealth (right hand)
 y - a ring of resist corrosion (left hand)
Wands
 n - a wand of confusion (23/48)
 F - a wand of acid (3/15)
 I - a wand of random effects (31/48)
Scrolls
 e - a scroll of fog {unknown}
 i - a scroll of noise {unknown}
 j - a scroll of enchant weapon {unknown}
 k - a scroll of teleportation
 u - 2 scrolls of magic mapping {unknown}
 w - a scroll of random uselessness {unknown}
 x - 3 scrolls of identify {unknown}
 A - 2 scrolls of remove curse
 E - 2 scrolls of enchant armour {unknown}
 H - a scroll of acquirement {unknown}
Potions
 d - a potion of flight {unknown}
 f - a potion of lignification {unknown}
 g - 2 potions of haste {unknown}
 h - a potion of curing
 l - a potion of brilliance {unknown}
 m - 2 potions of degeneration {unknown}
 q - 3 potions of heal wounds {unknown}
 r - 2 potions of might {unknown}
 C - a potion of mutation {unknown}
 G - a potion of invisibility {unknown}
Books
 b - a book of Callings

   Spells                             Type                      Level
   a - Summon Small Mammal            Summoning                    1
   b - Call Imp                       Summoning                    2
   c - Call Canine Familiar           Summoning                    3
   d - Summon Guardian Golem          Hexes/Summoning              3
   e - Summon Lightning Spire         Summoning/Air                4
   f - Summon Ice Beast               Ice/Summoning                4
Comestibles
 c - 4 bread rations
 t - 2 royal jellies
 z - a meat ration


   Skills:
 + Level 6.0 Dodging
 - Level 2.4 Stealth
 + Level 1.9 Shields
 + Level 6.7 Spellcasting
 + Level 7.5 Summonings
 + Level 3.3 Ice Magic


You had 10 spell levels left.
You knew the following spells:

 Your Spells              Type           Power        Failure   Level  Hunger
a - Summon Small Mammal   Summ           ####         1%          1    None
b - Summon Ice Beast      Ice/Summ       ####....     11%         4    ###....
c - Call Canine Familiar  Summ           #####...     1%          3    None
i - Call Imp              Summ           #####...     1%          2    None


Dungeon Overview and Level Annotations

Branches:
Dungeon (7/15)             Temple (1/1) D:5

Altars:
Ashenzari
Cheibriados
Dithmenos
Elyvilon
Fedhas
Gozag
Hepliaklqana
Makhleb
Nemelex Xobeh
Okawaru
Qazlal
Ru
Sif Muna
Trog
Uskayaw
Vehumet
Wu Jian
Yredelemnul
Zin

Annotations:
D:4 cirnu's ghost, amateur DsGl
D:6 Prince Ribbit


Message History

This raw flesh tastes terrible.
You fly downwards.
There is a stone staircase leading up here.
You swap places.
There is a strange disturbance nearby!
There is a stone staircase leading up here.
You swap places.
There is a strange disturbance nearby!
Deactivating autopickup; reactivate with Ctrl-A.
You hit something but do no damage. Something hits you! x2
Something hits you!
* * * LOW HITPOINT WARNING * * *
Xiloxoch hits something.
You block something's attack.
Xiloxoch hits something but does no damage.
Something hits you.
* * * LOW HITPOINT WARNING * * *
You block something's attack. Something hits you.
You die...

#.# #... ########## #.#
#### (........# #.#
########.# #.# #### #.#
#.# ###...
#######.########.# #.....
.................# #.#.##
#######.#.##########.#.##
#.@...<..##.......#
#.#.####.##.##.#..#
####.#.####....##.#..#
##...........#.....#..#
#...R.#.####....####..#
#..####.# ##.#.#####.#
#..# #.# #.#........ #..#
#.# #.######.(# #..# #.#
#.# #..#


You could see the friendly Xiloxoch the ancestor.

Vanquished Creatures
  Eustachio (D:6)
  A killer bee (D:6)
  A howler monkey (D:6)
  A hound (D:4)
  A worker ant (D:5)
  An adder (D:3)
  A gnoll (D:5)
  An adder zombie (D:5)
  A worm (D:2)
  A leopard gecko (D:7)
  An orc (D:4)
  2 ball pythons (D:5)
  A giant cockroach (D:2)
  2 goblins (D:3)
  2 jackals (D:2)
  2 quokkas
  4 frilled lizards
  2 kobolds (D:2)
  A leopard gecko skeleton (D:4)
  5 rats
32 creatures vanquished.

Vanquished Creatures (collateral kills)
  Menkaure (D:3)
  A black bear (D:6)
  A phantom (D:4)
  An ice beast (D:6)
  2 ogres
  2 centaurs
  A bullfrog (D:7)
  Blork the orc (D:6)
  A killer bee (D:7)
  3 wights (D:7)
  A howler monkey (D:3)
  A crimson imp (D:5)
  A centaur zombie (D:5)
  A hound (D:5)
  An iguana (D:4)
  An orc wizard (D:5)
  A worker ant (D:5)
  7 gnolls
  7 adders
  A shadow imp (D:5)
  An ooze (D:1)
  3 worms
  2 dart slugs
  3 leopard geckos
  7 orcs
  A ball python (D:5)
  3 giant cockroaches
  7 goblins
  8 hobgoblins
  13 jackals
  4 quokkas
  3 bats
  2 frilled lizards (D:1)
  4 kobolds
  A leopard gecko zombie (D:5)
  9 rats
107 creatures vanquished.

Vanquished Creatures (others)
  2 ancestors
2 creatures vanquished.

Grand Total: 141 creatures vanquished

Notes
Turn   | Place    | Note
-------+----------+-------------------------------------------
     0 | D:1      | EvilAshe the Deep Elf Summoner began the quest for the Orb.
     0 | D:1      | Reached XP level 1. HP: 10/10 MP: 6/6
   633 | D:1      | Reached XP level 2. HP: 15/15 MP: 2/8
   637 | D:1      | Learned a level 2 spell: Call Imp
  1207 | D:2      | Found a blossoming altar of Fedhas.
  1261 | D:1      | Reached XP level 3. HP: 8/19 MP: 2/9
  1535 | D:1      | Learned a level 3 spell: Call Canine Familiar
  1693 | D:2      | Reached skill level 5 in Summonings
  2276 | D:3      | Reached XP level 4. HP: 24/24 MP: 4/11
  3670 | D:4      | Reached XP level 5. HP: 28/28 MP: 4/13
  3729 | D:4      | Noticed a phantom
  3741 | D:4      | Killed a phantom
  3741 | D:4      | Reached skill level 6 in Summonings
  3851 | D:4      | Found a shadowy altar of Dithmenos.
  3873 | D:4      | Noticed cirnu's ghost (amateur DsGl)
  3893 | D:4      | Noticed an ogre
  4114 | D:4      | Noticed Menkaure
  4122 | D:3      | Killed Menkaure
  4122 | D:3      | Reached XP level 6. HP: 5/32 MP: 4/15
  4389 | D:3      | Learned a level 4 spell: Summon Ice Beast
  4402 | D:4      | Reached skill level 5 in Spellcasting
  4889 | D:5      | Entered Level 5 of the Dungeon
  4937 | D:5      | Reached skill level 1 in Ice Magic
  4961 | D:5      | Found a sacrificial altar of Ru.
  4985 | D:5      | Reached skill level 5 in Dodging
  5576 | D:5      | Found a white marble altar of Elyvilon.
  5706 | D:5      | Reached XP level 7. HP: 33/36 MP: 9/17
  5730 | D:5      | Found a burning altar of Makhleb.
  6527 | D:5      | Found a staircase to the Ecumenical Temple.
  6533 | Temple   | Entered the Ecumenical Temple
  6539 | Temple   | Became a worshipper of Hepliaklqana the Forgotten
  6865 | D:6      | Noticed Eustachio
  6915 | D:5      | Reached skill level 7 in Summonings
  7318 | D:6      | Killed Eustachio
  7426 | D:6      | Noticed Prince Ribbit
  7481 | D:6      | Noticed Blork the orc
  7492 | D:6      | Killed Blork the orc
  7492 | D:6      | Reached skill level 1 in Shields
  7591 | D:6      | Found a radiant altar of Vehumet.
  7998 | D:7      | Reached XP level 8. HP: 36/36 MP: 12/20
  8046 | D:7      | Found an iron altar of Okawaru.
  8588 | D:7      | Slain by an unseen horror

Vault maps used:
D:1:      dpeg_arrival_leaves_temple_mockup
D:2:      fedhas_altar_2
D:4:      old_standard_altar, first_bread, uniq_menkaure
D:5:      nicolae_ru_great_annihilating_truth, elyvilon_altar_3,
          minmay_temple_entry_fiery, basic_altar
D:6:      kennysheep_mini, centaur_isle, uniq_prince_ribbit1,
          uniq_blork_the_orc, uniq_eustachio
D:7:      lemuel_round_altar, tso_altar
Temple:   nicolae_temple_x_marks_the_god

Skill      XL: |  1  2  3  4  5  6  7  8 |
---------------+-------------------------+-----
Dodging        | 3 4 5 6 |  6.0
Summonings     | 5 6 7 |  7.5
Spellcasting   | 4 5 6 |  6.7
Ice Magic      | 1 3 |  3.3
Shields        | 1 |  1.9
Stealth        | |  2.4

Action                   |  1- 3 |  4- 6 |  7- 9 || total
-------------------------+-------+-------+-------++-------
Melee: Unarmed           |    38 |       |       ||    38
       Long sword        |    19 |    94 |    41 ||   154
 Cast: Summon Small Mamm |    34 |       |     3 ||    37
       Call Imp          |    34 |    51 |    37 ||   122
       Call Canine Famil |     8 |    21 |    16 ||    45
       Summon Ice Beast  |       |       |     1 ||     1
  Use: Scroll            |       |     3 |       ||     3
       Potion            |       |       |     3 ||     3
 Stab: Sleeping          |     2 |     4 |       ||     6
       Distracted        |       |       |     1 ||     1
       Paralysed         |       |       |     1 ||     1
  Eat: Chunk             |     6 |    13 |     8 ||    27
       Fruit             |       |       |     1 ||     1
Armor: Robe              |    31 |    21 |    12 ||    64
Dodge: Dodged            |    85 |   104 |    46 ||   235
Block: Buckler           |       |       |    25 ||    25
       Rpst.: Long sword |     4 |    35 |    15 ||    54
